 Dungeon Crawl Stone Soup version 0.18-a0-1572-g0a86841 (webtiles) character file.

20 Oddball22 the Insei (level 2, 0/22 HPs)
             Began as a Demonspawn Transmuter on Mar 15, 2016.
             Slain by a giant newt (1 damage)
             ... on level 1 of the Dungeon.
             The game lasted 00:01:38 (678 turns).

Oddball22 the Insei (Demonspawn Transmuter)          Turns: 678, Time: 00:01:38

Health: 0/22       AC:  2    Str: 10    XL:     2   Next: 58%
Magic:  4/5        EV: 12    Int: 14    God:
Gold:   23         SH:  0    Dex: 13    Spells: 1 memorised, 4 levels left

rFire  . . .     SeeInvis .     j - +2 short sword (flame)
rCold  . . .     Gourm    .     b - +0 robe
rNeg   . . .     Faith    .     (no shield)
rPois  .         Spirit   .     (helmet restricted)
rElec  .         Dismiss  .     (no cloak)
rCorr  .         Reflect  .     (no gloves)
SustAt .         Harm     .     (boots currently unavailable)
MR     .....                    (no amulet)
Stlth  +.........               (no ring)
                                (no ring)

@: appendage (expiring), not resistant to hostile enchantments, very unstealthy
A: horns 1, talons 3
a: End Transformation


You were on level 1 of the Dungeon.
You were not hungry.
You had grown temporary talons.
You visited 1 branch of the dungeon, and saw 1 of its levels.

You collected 23 gold pieces.

Inventory:

Hand Weapons
 j - a +2 short sword of flaming (weapon)
Missiles
 a - 12 arrows
Armour
 b - a +0 robe (worn)
Scrolls
 e - a scroll of amnesia {unknown}
 h - a scroll of identify {unknown}
Potions
 g - a potion of ambrosia {unknown}
Books
 c - a book of Changes

   Spells                             Type                      Level
   a - Beastly Appendage              Transmutation                1
   b - Sticks to Snakes               Transmutation                2
   c - Spider Form                    Transmutation/Poison         3
   d - Ice Form                       Ice/Transmutation            4
   e - Blade Hands                    Transmutation                5
Comestibles
 d - a bread ration
 i - 3 meat rations


   Skills:
 + Level 1.7 Fighting
 - Level 2.1 Dodging
 - Level 2.8 Unarmed Combat
 * Level 2.1 Spellcasting
 + Level 2.0 Transmutations


You had 4 spell levels left.
You knew the following spells:

 Your Spells              Type           Power        Failure   Level  Hunger
a - Beastly Appendage     Trmt           #.....       12%         1    ##.....


Dungeon Overview and Level Annotations

Branches:
Dungeon (1/15)

Altars:


Innate Abilities, Weirdness & Mutations

You have a pair of small horns on your head.
You have claws for feet.


Message History

The hobgoblin hits you with a club.
* * * LOW HITPOINT WARNING * * *
You hit the hobgoblin but do no damage. Your kick misses the hobgoblin.
The hobgoblin is almost dead.
The hobgoblin hits you with a club.
* * * LOW HITPOINT WARNING * * *
You closely miss the hobgoblin. Your headbutt misses the hobgoblin.
You punch the hobgoblin.
You kill the hobgoblin!
Your transformation is almost over.
The bat hits you but does no damage. The bat closely misses you.
You hit the bat. You burn the bat.
You kill the bat!
You barely miss the giant newt.
The giant newt bites you but does no damage.
The giant newt bites you.
* * * LOW HITPOINT WARNING * * *
You closely miss the giant newt. The giant newt bites you.
You die...

..............# ..............#
..............# .......†......#
.....[...>....##
###+###.....)..## ...#### #.#
#)#####...# ......#
#.####l###.##.## ......# #..#
##@#.###..# #######
......####).## ##.## ##.# #>.....
........##†#.###.#.###.## #.#####
......#.##.##.#.#.#.#.## #.#....
........##.###.#.<.#.######.#.###
.#.#†÷..##.##.#.#.#.#.##[...#.#
...)....##(#.###.#.###.#.####.#
...#(...##(.## ##.## ##..#..#.#
)............###.#.####..#..#.#


You could see a giant newt.

Vanquished Creatures
  A giant gecko (D:1)
  A ball python (D:1)
  A bat (D:1)
  3 giant cockroaches (D:1)
  A goblin (D:1)
  4 hobgoblins (D:1)
  3 kobolds (D:1)
  A giant newt (D:1)
15 creatures vanquished.

Notes
Turn   | Place    | Note
--------------------------------------------------------------
     0 | D:1      | Oddball22 the Demonspawn Transmuter began the quest for the Orb.
     0 | D:1      | Reached XP level 1. HP: 15/15 MP: 3/3
   260 | D:1      | Gained mutation: You have a pair of small horns on your head. [demonic ancestry]
   260 | D:1      | Reached XP level 2. HP: 21/21 MP: 5/5
   677 | D:1      | HP: 1/22 [giant newt (3)]
   678 | D:1      | Slain by a giant newt

Vault maps used:
D:1:      minmay_arrival_diagonal_passages, hex_intersection,
          hangedman_decor_lopped

Skill      XL: |  1  2 |
---------------+-------+-----
Transmutations | 2 |  2.0
Dodging        | 2 |  2.1
Fighting       | |  1.7
Unarmed Combat | |  2.8
Spellcasting   | |  2.1

Action                   || total
-------------------------++-------
Melee: Unarmed           ||    24
       Short sword       ||    34
 Cast: Beastly Appendage ||     5
 Stab: Sleeping          ||     1
